[Event "*** SCC Grand Prix: Titled Tuesday Blitz"]
[Site "Chess.com"]
[Date "2020.07.14"]
[Round "6"]
[White "Nf3c5"]
[Black "Ati1517"]
[Result "1-0"]
[WhiteElo "2528"]
[BlackElo "2360"]
[TimeControl "180+1"]
[EndTime "11:06:08 PDT"]
[Termination "Nf3c5 won by resignation"]

1. d4 d5 2. Bf4 Nf6 3. e3 Bf5 4. c4 e6 5. Nc3 c6 6. Qb3 Qb6 7. c5 Qxb3 8. axb3 Nbd7 9. b4 Be7 10. b5 Nh5 11. Bc7 cxb5 12. Nxb5 a6 13. Nd6+ Bxd6 14. Bxd6 Nhf6 15. f3 Kd8 16. g4 Bg6 17. Ne2 Ne8 18. Bg3 f6 19. Nc3 h5 20. gxh5 Bxh5 21. Kf2 Nc7 22. b4 e5 23. b5 axb5 24. Bxb5 Rxa1 25. Rxa1 Nxb5 26. Ra8+ Ke7 27. Nxd5+ 1-0

[Event "*** SCC Grand Prix: Titled Tuesday Blitz"]
[Site "Chess.com"]
[Date "2020.07.14"]
[Round "6"]
[White "Haykoooo0o"]
[Black "annazero"]
[Result "0-1"]
[WhiteElo "2516"]
[BlackElo "2380"]
[TimeControl "180+1"]
[EndTime "11:06:10 PDT"]
[Termination "annazero won by checkmate"]

1. d4 g6 2. c4 Bg7 3. Nc3 d6 4. e4 Nf6 5. f4 O-O 6. Nf3 c5 7. d5 e6 8. Be2 exd5 9. cxd5 Bg4 10. O-O Nbd7 11. h3 Bxf3 12. Bxf3 Re8 13. g4 h6 14. h4 b5 15. g5 hxg5 16. hxg5 Nh7 17. Kg2 b4 18.
Ne2 c4 19. Nd4 Nc5 20. Nc6 Qc7 21. Qc2 c3 22. bxc3 Bxc3 23. Bb2 Nxe4 24. Bxe4 Bxb2 25. Qxb2 Rxe4 26. Rh1 Rae8 27. Kf3 Re3+ 28. Kg4 Qd7+ 29. Kh4 Nxg5 30. Rag1 Rh3+ 31. Rxh3 Qxh3+ 32. Kxg5 Qh5+ 33.
Kf6 Qf5# 0-1

[Event "*** SCC Grand Prix: Titled Tuesday Blitz"]
[Site "Chess.com"]
[Date "2020.07.14"]
[Round "6"]
[White "Quiet_Desperation"]
[Black "mr65"]
[Result "1-0"]
[WhiteElo "2231"]
[BlackElo "2089"]
[TimeControl "180+1"]
[EndTime "11:06:10 PDT"]
[Termination "Quiet_Desperation won by resignation"]

1. e4 e5 2. Nf3 Nc6 3. Bb5 a6 4.
Ba4 Nf6 5. d3 b5 6. Bb3 Be7 7.
c3 d6 8. O-O O-O 9. Re1 Be6 10.
Nbd2 Bxb3 11. axb3 b4 12. Nf1 a5 13. Ng3 g6 14. Bh6 Re8 15. h3 Bf8 16. Qd2 Nd7 17. Nh2 Bxh6 18. Qxh6 Qf6 19. Ng4 Qg7 20. Qd2 h5 21. Nh2 Nc5 22. Qc2 h4 23. Ne2 Ne6 24. Rf1 Nf4 25. Qd2 Nxe2+ 26. Qxe2 Nd8 27. Qg4 Ne6 28. Qxh4 Nf4 29. Rad1 f6 30. Qg4 Rf8 31.
g3 Nh5 32. cxb4 axb4 33. Ra1 Kh7 34. Rfc1 c5 35. Nf1 Qf7 36. Nd2 f5 37. exf5 gxf5 38.
Qf3 Qg6 39. Rxa8 Rxa8 40. Qxa8 Nxg3 41. fxg3 Qxg3+ 42. Qg2 1-0

[Event "*** SCC Grand Prix: Titled Tuesday Blitz"]
[Site "Chess.com"]
[Date "2020.07.14"]
[Round "6"]
[White "OparinGrigoriy"]
[Black "WashUntilHoles"]
[Result "1-0"]
[WhiteElo "2924"]
[BlackElo "2706"]
[TimeControl "180+1"]
[EndTime "11:06:11 PDT"]
[Termination "OparinGrigoriy won on time"]

1. Nf3 Nf6 2. g3 g6 3. Bg2 Bg7 4.
c4 O-O 5. Nc3 d5 6. cxd5 Nxd5 7.
d4 Nb6 8. O-O Nc6 9. e3 Re8 10. h3 a5 11. d5 Nb4 12. e4 c6 13.
a3 Na6 14. Be3 cxd5 15. exd5 Bxc3 16. Bxb6 Qxb6 17. bxc3 Nc5 18. Qd4 Qd6 19. Rad1 Bf5 20. Rfe1 Bc2 21. h4 Bxd1 22. Rxd1 Rad8 23. Ng5 b6 24. h5 Qf6 25. Qe3 h6 26. Nf3 g5 27. Ne5 Kg7 28. Ng4 Qd6 29. Qd4+ f6 30.
Ne3 Qd7 31. Kh2 e6 32. Bh3 e5 33. Qd2 Qa4 34. Rb1 Ne4 35. Qd3 Kf7 36. Rxb6 1-0

[Event "*** SCC Grand Prix: Titled Tuesday Blitz"]
[Site "Chess.com"]
[Date "2020.07.14"]
[Round "6"]
[White "exoticprincess"]
[Black "Indianlad"]
[Result "1-0"]
[WhiteElo "2824"]
[BlackElo "2943"]
[TimeControl "180+1"]
[EndTime "11:06:12 PDT"]
[Termination "exoticprincess won by resignation"]

1. d4 Nf6 2. c4 e6 3. Nc3 Bb4 4.
e3 O-O 5. Ne2 Re8 6. a3 Bf8 7.
e4 d6 8. Ng3 e5 9. d5 c6 10.
Bd3 g6 11. O-O h5 12. b4 a5 13. Rb1 axb4 14. axb4 cxd5 15. exd5 Nbd7 16. Bg5 Be7 17. Nb5 Nxd5 18. Bxe7 Nxe7 19. Nxd6 Rf8 20. Nxh5 Nc6 21. Ng3 Nf6 22. c5 Kg7 23. Re1 Bg4 24. Be2 Be6 25.
h3 Nd5 26. Qd2 Qh4 27. Qxd5 Bxd5 28. Ndf5+ gxf5 29. Nxf5+ Kf6 30. Nxh4 Nd4 31. Bf3 Bxf3 32. Nxf3 Nxf3+ 33. gxf3 Rg8+ 34. Kf1 Rh8 35. Ra1 Rag8 36. Ra7 Rxh3 37. Rxb7 Rxf3 38. c6 Rc3 39. c7 Rh8 40. b5 Rc2 41. Re3 Kg5 42. Rb8 1-0

[Event "*** SCC Grand Prix: Titled Tuesday Blitz"]
[Site "Chess.com"]
[Date "2020.07.14"]
[Round "6"]
[White "JosefineHeinemann"]
[Black "Rytenko_V"]
[Result "1-0"]
[WhiteElo "2644"]
[BlackElo "2468"]
[TimeControl "180+1"]
[EndTime "11:06:12 PDT"]
[Termination "JosefineHeinemann won by resignation"]

1. d4 Nf6 2. c4 g6 3. g3 Bg7 4. Bg2 O-O 5. e4 c5 6. d5 b5 7. e5 Ne8 8. d6 Nc6 9. cxb5 Qa5+ 10. Nc3 Nxe5 11. dxe7 c4 12. Bxa8 Nd3+ 13. Kf1 Nc7 14. exf8=Q+ Kxf8 15. Bf3 d5 16. Nge2 d4 17. Qa4 Qb6 18.
Nd5 Nxd5 19. Bxd5 Bh3+ 20. Kg1 c3 21. bxc3 dxc3 22. Be3 Qd6 23. Qxa7 Qxd5 24. Qb8+ Ke7 25. Qc7+ Ke6 26. Qc8+ Ke7 27. Qxh3 c2 28. Rf1 Ne5 29. Nd4 Nf3+ 30. Nxf3 Qxf3 31. Bc5+ Kf6 32. Bd4+ Ke7 1-0

[Event "*** SCC Grand Prix: Titled Tuesday Blitz"]
[Site "Chess.com"]
[Date "2020.07.14"]
[Round "6"]
[White "TheNextLevelFan"]
[Black "doctorcristian"]
[Result "0-1"]
[WhiteElo "2527"]
[BlackElo "2413"]
[TimeControl "180+1"]
[EndTime "11:06:15 PDT"]
[Termination "doctorcristian won by resignation"]

1. d4 Nf6 2. g3 d5 3. Bg2 b5 4. Nh3 e6 5. O-O Nbd7 6. Nf4 Be7 7. b3 O-O 8. c4 bxc4 9. bxc4 c6 10.
Nd2 Qa5 11. Qc2 Ba6 12. Bb2 Rab8 13. Rfb1 Nb6 14. cxd5 cxd5 15. Nb3 Qa4 16. Nd3 Qc4 17. Qd1 Rfc8 18. Nbc5 Bxc5 19. dxc5 Na4 20. Bxf6 gxf6 21. Rxb8 Rxb8 22. Rc1 Nc3 23. Qd2 Nxe2+ 24. Qxe2 Qxd3 25.
Qg4+ Qg6 26. Qf4 Rb1 27. h4 Rxc1+ 28. Qxc1 Qd3 29. h5 Kf8 30. Qf4 Qd1+ 31. Kh2 Qxh5+ 32. Bh3 Kg7 33. Qd6 Be2 34. c6 Bg4 35. c7 Qxh3+ 36. Kg1 Bf3 0-1

[Event "*** SCC Grand Prix: Titled Tuesday Blitz"]
[Site "Chess.com"]
[Date "2020.07.14"]
[Round "6"]
[White "dodorox"]
[Black "northridgehawk"]
[Result "0-1"]
[WhiteElo "2134"]
[BlackElo "2357"]
[TimeControl "180+1"]
[EndTime "11:06:16 PDT"]
[Termination "northridgehawk won on time"]

1. d4 Nf6 2. c4 g6 3. Nc3 d5 4. Bf4 Bg7 5. e3 O-O 6. Rc1 Be6 7. c5 c6 8. Nf3 Bg4 9. Be2 Bxf3 10. Bxf3 Nfd7 11.
Bg5 h6 12. Bh4 g5 13. Bg3 e5 14. dxe5 Nxe5 15. O-O Nbd7 16. Bxe5 Nxe5 17. Be2 a5 18. Qd2 Nd7 19. Na4 Qe7 20. Bd3 Rfe8 21. Rfe1 Nf6 22. Nb6 Rad8 23. Qxa5 Ng4 24. h3 Ne5 25. Bf1 f5 26.
Qd2 Ng6 27. b4 Kh8 28. a4 Qf6 29. b5 f4 30. exf4 Nxf4 31. bxc6 bxc6 32. a5 h5 33. a6 Bh6 34. Rxe8+ Rxe8 35. a7 g4 36. a8=Q Rxa8 37. Qc2 Rg8 0-1

[Event "*** SCC Grand Prix: Titled Tuesday Blitz"]
[Site "Chess.com"]
[Date "2020.07.14"]
[Round "6"]
[White "AttackSparrow"]
[Black "cottage_cheese"]
[Result "1-0"]
[WhiteElo "2309"]
[BlackElo "2155"]
[TimeControl "180+1"]
[EndTime "11:06:18 PDT"]
[Termination "AttackSparrow won by checkmate"]

1. e4 e6 2. d4 d5 3. Bd3 dxe4 4. Bxe4 Nf6 5. Bf3 c5 6. Ne2 Nc6 7. Be3 e5 8. Bxc6+ bxc6 9. dxe5 Qxd1+ 10. Kxd1 Ng4 11.
Nd2 Nxe5 12. Re1 f6 13. Nc3 Rb8 14. f4 Ng4 15. Bxc5+ Kf7 16. Bxf8 Rxf8 17. h3 Nh6 18. Nb3 Nf5 19. Ke2 c5 20. Rab1 c4 21. Nd2 Nd4+ 22.
Kf2 Nxc2 23. Rec1 Bf5 24. Nxc4 Rfd8 25. g4 Bd3 26. Na5 Nb4 27. Ra1 Nc2 28. Nc6 Nxa1 29. Nxd8+ Rxd8 30. Rxa1 Bc2 31. Rc1 Rd2+ 32. Ke3 Rh2 33.
Kd4 h5 34. gxh5 Bh7 35. b4 Rxh3 36. Nd5 Ra3 37. Rc7+ Kf8 38. h6 Rd3+ 39. Kc5 Be4 40. hxg7+ Kg8 41. Nxf6# 1-0

[Event "*** SCC Grand Prix: Titled Tuesday Blitz"]
[Site "Chess.com"]
[Date "2020.07.14"]
[Round "6"]
[White "Zubrrr"]
[Black "Lector118"]
[Result "0-1"]
[WhiteElo "2632"]
[BlackElo "2500"]
[TimeControl "180+1"]
[EndTime "11:06:19 PDT"]
[Termination "Lector118 won by resignation"]

1. e4 e5 2. f4 d5 3. exd5 exf4 4. Nf3 c6 5. d4 Bd6 6. dxc6 Nxc6 7. Bd3 Nge7 8. O-O O-O 9. c3 Re8 10. Bxh7+ Kxh7 11. Ng5+ Kg8 12. Qh5 Ng6 13. Bxf4 Bxf4 14. Rxf4 Nxf4 15. Qxf7+ Kh8 16. Qxf4 Qf6 17. Qh4+ Kg8 18.
Nd2 Bf5 19. Rf1 Qg6 20. Nc4 Bd3 0-1

[Event "*** SCC Grand Prix: Titled Tuesday Blitz"]
[Site "Chess.com"]
[Date "2020.07.14"]
[Round "6"]
[White "KingChess345"]
[Black "jannat65"]
[Result "1-0"]
[WhiteElo "2157"]
[BlackElo "1815"]
[TimeControl "180+1"]
[EndTime "11:06:19 PDT"]
[Termination "KingChess345 won by resignation"]

1. d4 d5 2. Nf3 Nf6 3. g3 e6 4.
Bg2 c5 5. O-O Nc6 6. c4 Be7 7.
cxd5 exd5 8. Nc3 c4 9. b3 cxb3 10. axb3 O-O 11. Bf4 a6 12. Ne5 h6 13. Nxc6 bxc6 14. Na4 Bf5 15. Qd2 Ne4 16. Qe3 Re8 17. Rfc1 Qd7 18. Nb6 Qb7 19. Nxa8 Rxa8 20. f3 Nf6 21. g4 Bh7 22. Rc3 Re8 23. Qf2 Bb4 24. Re3 Rxe3 25. Qxe3 Bf8 26. h4 c5 27. dxc5 Qc6 28. b4 Nd7 29. Qe8 Nf6 30. Qxc6 1-0

[Event "*** SCC Grand Prix: Titled Tuesday Blitz"]
[Site "Chess.com"]
[Date "2020.07.14"]
[Round "6"]
[White "viditchess"]
[Black "S2PAc"]
[Result "1-0"]
[WhiteElo "2999"]
[BlackElo "2739"]
[TimeControl "180+1"]
[EndTime "11:06:20 PDT"]
[Termination "viditchess won by checkmate"]

1. d4 Nf6 2. c4 b6 3. f3 Nc6 4. d5 Ne5 5. e4 Ng6 6. Be3 e5 7. Nc3 Bc5 8. Qd2 d6 9. Nge2 O-O 10. h4 Nh5 11. g3 a5 12. Bg2 Bxe3 13. Qxe3 f5 14.
exf5 Bxf5 15. Qg5 Bd3 16. Qxh5 Bxc4 17. Qg4 Ba6 18. Qg5 Ne7 19. Bh3 Kh8 20. Rf1 b5 21.
Rd1 b4 22. Ne4 h6 23. Qh5 Qb8 24. Rf2 Qb5 25. Be6 Qc4 26. b3 Qb5 27. Qg4 Kh7 28.
Ng5+ hxg5 29. Qh5# 1-0

[Event "*** SCC Grand Prix: Titled Tuesday Blitz"]
[Site "Chess.com"]
[Date "2020.07.14"]
[Round "6"]
[White "GaboSalazar2001"]
[Black "Caterpiller35"]
[Result "0-1"]
[WhiteElo "2300"]
[BlackElo "2445"]
[TimeControl "180+1"]
[EndTime "11:06:20 PDT"]
[Termination "Caterpiller35 won on time"]

1. e4 c5 2. Nf3 Nc6 3. Bb5 g6 4.
O-O Bg7 5. Re1 Nf6 6. c3 O-O 7. d4 d5 8. e5 Ne4 9. Nbd2 Bf5 10. Nxe4 dxe4 11. Nh4 cxd4 12. Bxc6 bxc6 13. Nxf5 gxf5 14. cxd4 c5 15. Be3 cxd4 16. Qxd4 Qxd4 17. Bxd4 Rfd8 18. Bc3 Rd5 19. f4 exf3 20. gxf3 e6 21. Kf2 Bh6 22. Rg1+ Kh8 23. Rad1 Rad8 24. Rxd5 Rxd5 25. Ke2 Bf4 26. Rd1 Rxd1 27. Kxd1 Bxh2 28. Bd4 a6 29. b4 f6 30. exf6 Kg8 31. a4 Kf7 32. b5 axb5 33. axb5 e5 34. Bc3 Kxf6 35. b6 Ke6 36. b7 e4 37. fxe4 fxe4 38. Ke2 Kf5 39. Ke3 Bf4+ 40. Kd4 h5 41.
Be1 Be5+ 42. Kd5 Bb8 43. Kd4 Ba7+ 44. Kd5 Kf4 0-1

[Event "*** SCC Grand Prix: Titled Tuesday Blitz"]
[Site "Chess.com"]
[Date "2020.07.14"]
[Round "6"]
[White "albano87"]
[Black "Raja3401"]
[Result "1-0"]
[WhiteElo "2493"]
[BlackElo "2763"]
[TimeControl "180+1"]
[EndTime "11:06:21 PDT"]
[Termination "albano87 won on time"]

1. d4 Nf6 2. Nf3 e6 3. g3 Be7 4.
Bg2 O-O 5. O-O d5 6. c4 dxc4 7. Qc2 b6 8. Qxc4 Bb7 9. Nc3 Nbd7 10. Rd1 c5 11. dxc5 Bxc5 12. Bg5 Qe7 13. Qh4 h6 14. Rxd7 Qxd7 15. Bxf6 gxf6 16. Qxf6 Kh7 17. Ne5 Qc7 18. Ng4 Be7 19. Qxh6+ Kg8 20. e4 f6 21. e5 Bxg2 22. exf6 Bc5 23. Qg5+ Kh8 24. Ne5 Bf3 25. Nxf3 Rg8 26. Qh5+ Qh7 27. Qe5 Qf7 28. Ne4 1-0

[Event "*** SCC Grand Prix: Titled Tuesday Blitz"]
[Site "Chess.com"]
[Date "2020.07.14"]
[Round "6"]
[White "ENajer77"]
[Black "Mikasinski"]
[Result "1-0"]
[WhiteElo "2691"]
[BlackElo "2489"]
[TimeControl "180+1"]
[EndTime "11:06:22 PDT"]
[Termination "ENajer77 won by resignation"]

1. d4 Nf6 2. c4 g6 3. Nc3 Bg7 4.
e4 d6 5. Be2 O-O 6. Be3 e5 7. d5 a5 8. g4 Na6 9. g5 Nd7 10. h4 f5 11. gxf6 Nxf6 12. h5 Nc5 13. hxg6 hxg6 14. Bg5 c6 15. Qc2 Qb6 16. O-O-O cxd5 17. Bxf6 Bxf6 18. Nxd5 Bg5+ 19. Kb1 Qd8 20. Nf3 Nxe4 21.
Bd3 Rxf3 22. Bxe4 Rf7 23. Bxg6 Rg7 24. f4 exf4 25. Qh2 Kf8 26. Nxf4 Qf6 27. Rdf1 Rxg6 28.
Nxg6+ Ke8 29. Rxf6 Bxf6 30. Qh5 Kd8 31. Rf1 Bd4 32. Qh7 Bd7 33. Rf8+ 1-0

[Event "*** SCC Grand Prix: Titled Tuesday Blitz"]
[Site "Chess.com"]
[Date "2020.07.14"]
[Round "6"]
[White "TurboSteen"]
[Black "winniethepooh04"]
[Result "0-1"]
[WhiteElo "1942"]
[BlackElo "2175"]
[TimeControl "180+1"]
[EndTime "11:06:23 PDT"]
[Termination "winniethepooh04 won by checkmate"]

1. e4 c5 2. Nc3 Nc6 3. Bb5 d6 4. f4 a6 5. Bxc6+ bxc6 6. Nf3 g6 7. O-O Bg7 8. d3 Nf6 9. Qe1 O-O 10. Qh4 Rb8 11.
Rb1 Ng4 12. Bd2 d5 13. f5 dxe4 14. Nxe4 Bxf5 15. Nfg5 h6 16. Bc3 Bxc3 17. bxc3 hxg5 18. Nxg5 Nf6 19. Rxb8 Qxb8 20. g4 Bxg4 21. Rxf6 Bh5 22. Rf1 Qe5 23. c4 Qe3+ 24. Kg2 Qe2+ 25. Rf2 Qe5 26. Kg1 f6 27. Ne4 f5 28. Ng5 f4 29. Kf1 f3 30. Ne4 Qa1# 0-1

[Event "*** SCC Grand Prix: Titled Tuesday Blitz"]
[Site "Chess.com"]
[Date "2020.07.14"]
[Round "6"]
[White "dosto07"]
[Black "Ave_Mariia"]
[Result "1-0"]
[WhiteElo "2231"]
[BlackElo "2369"]
[TimeControl "180+1"]
[EndTime "11:06:24 PDT"]
[Termination "dosto07 won on time"]

1. d4 Nf6 2. Nf3 g6 3. Bf4 Bg7 4. h3 d6 5. e3 O-O 6. Be2 b6 7.
O-O Bb7 8. a4 Nc6 9. Nbd2 e5 10.
dxe5 dxe5 11. Nxe5 Nd5 12. Nxc6 Bxc6 13. c3 Nxf4 14.
exf4 Qf6 15. Bf3 Rad8 16. Bxc6 Qxc6 17. Qf3 Qc5 18. Ne4 Qc4 19. f5 gxf5 20. Qxf5 Qc6 21. Rfe1 Rfe8 22. Ng5 Qg6 23. Rxe8+ Rxe8 24. Qd7 Re2 25. h4 h6 26. Nf3 1-0

[Event "*** SCC Grand Prix: Titled Tuesday Blitz"]
[Site "Chess.com"]
[Date "2020.07.14"]
[Round "6"]
[White "jonychess03"]
[Black "VladaSviridova"]
[Result "1-0"]
[WhiteElo "2303"]
[BlackElo "2115"]
[TimeControl "180+1"]
[EndTime "11:06:26 PDT"]
[Termination "jonychess03 won on time"]

1. c4 c6 2. Nc3 d5 3. d4 Nf6 4. Nf3 dxc4 5. a4 Bf5 6. Bf4 e6 7. e3 Bb4 8. Bxc4 Qa5 9. O-O Bxc3 10. bxc3 Qxc3 11. Ne5 O-O 12. Rc1 Qa5 13. g4 Bg6 14. h4 Nbd7 15. h5 Be4 16. f3 Bd5 17. Bd3 c5 18. h6 cxd4 19. exd4 g6 20. g5 Nxe5 21. Bxe5 Nd7 22. Bg7 Rfc8 23. Bb5 Nb6 24. Qe2 a6 25. Qe5 axb5 26. Bh8 Kf8 27. Qd6+ Ke8 28. Bf6 1-0

[Event "*** SCC Grand Prix: Titled Tuesday Blitz"]
[Site "Chess.com"]
[Date "2020.07.14"]
[Round "6"]
[White "Fortitudine"]
[Black "bratkoo"]
[Result "0-1"]
[WhiteElo "2287"]
[BlackElo "2467"]
[TimeControl "180+1"]
[EndTime "11:06:27 PDT"]
[Termination "bratkoo won by resignation"]

1. d4 e6 2. Nc3 d5 3. e4 Nf6 4. Bg5 Be7 5. Bxf6 Bxf6 6. Nf3 O-O 7. Qd2 Be7 8. O-O-O a6 9. Bd3 b5 10. exd5 exd5 11.
Ne5 b4 12. Ne2 c5 13. dxc5 Bxc5 14. Ng3 Nd7 15. Nxd7 Bxd7 16. Rhe1 a5 17. Kb1 a4 18. Nf5 a3 19. Ne3 axb2 20. Nxd5 Rxa2 21. Bc4 Ra3 22.
Kxb2 Be6 23. Rxe6 fxe6 24. Nxb4 Qxd2 25. Bxe6+ Kh8 26. Rxd2 Bxb4 27. Rd4 Bc3+ 28. Kxa3 Bxd4 0-1

[Event "*** SCC Grand Prix: Titled Tuesday Blitz"]
[Site "Chess.com"]
[Date "2020.07.14"]
[Round "6"]
[White "MergenKakabaev"]
[Black "TheWolfSpur"]
[Result "1-0"]
[WhiteElo "2430"]
[BlackElo "2293"]
[TimeControl "180+1"]
[EndTime "11:06:28 PDT"]
[Termination "MergenKakabaev won by resignation"]

1. e4 c5 2. Nf3 Nc6 3. Bb5 g6 4. Bxc6 dxc6 5. h3 Bg7 6. d3 Nf6 7. Nc3 Nd7 8. Be3 e5 9. Qd2 h6 10. a3 b6 11. b4 f5 12. Qc1 f4 13. Bd2 O-O 14. Ne2 Qe7 15. Bc3 Bb7 16. Qb2 Rae8 17. O-O-O cxb4 18. axb4 c5 19. b5 a6 20. bxa6 Bxa6 21.
Rhe1 Kh7 22. h4 Ra8 23. h5 g5 24. Nh2 b5 25. Ng4 b4 26. Bd2 Nb6 27. Ng1 Bc8 28. f3 Be6 29. c4 bxc3 30. Bxc3 Na4 31. Qa3 Rfb8 32. Bxe5 Rb3 33. Qa1 Bxg4 34. Bxg7 Qxg7 35.
Qxg7+ Kxg7 36. fxg4 Nc3 37. Kc2 Rab8 38. Ra1 c4 39.
dxc4 Kf6 40. Nf3 Ke7 41. Nd2 Rb2+ 42. Kxc3 1-0

[Event "*** SCC Grand Prix: Titled Tuesday Blitz"]
[Site "Chess.com"]
[Date "2020.07.14"]
[Round "6"]
[White "ErikRonka"]
[Black "politeplayer"]
[Result "0-1"]
[WhiteElo "2358"]
[BlackElo "2221"]
[TimeControl "180+1"]
[EndTime "11:06:28 PDT"]
[Termination "politeplayer won by checkmate"]

1. d4 d5 2. c4 e6 3. Nc3 c5 4.
cxd5 exd5 5. Nf3 Nc6 6. dxc5 Bxc5 7. Qxd5 Qb6 8. e3 Nf6 9. Qd1 Bf5 10. a3 Rd8 11.
Qa4 O-O 12. b4 Nxb4 13. axb4 Bxb4 14. Bd2 Rxd2 15. Nxd2 Bxc3 16. Rd1 Ne4 17. Bd3 Nc5 18. Qc2 Nxd3+ 19. Kf1 Rc8 20. Kg1 Qg6 21. Nf3 Ne1 22. Qxc3 Qxg2# 0-1

[Event "*** SCC Grand Prix: Titled Tuesday Blitz"]
[Site "Chess.com"]
[Date "2020.07.14"]
[Round "6"]
[White "wannabe2700"]
[Black "ChessWarrior7197"]
[Result "0-1"]
[WhiteElo "2662"]
[BlackElo "2855"]
[TimeControl "180+1"]
[EndTime "11:06:29 PDT"]
[Termination "ChessWarrior7197 won on time"]

1. d4 d5 2. c4 e6 3. Nc3 c5 4.
cxd5 exd5 5. Nf3 Nc6 6. dxc5 d4 7. Na4 Bxc5 8. Nxc5 Qa5+ 9. Bd2 Qxc5 10. Rc1 Qb6 11.
e3 dxe3 12. Bxe3 Qb4+ 13. Qd2 Qxd2+ 14. Kxd2 Nge7 15. Bd3 O-O 16. Ke2 Bf5 17. Rhd1 Rfd8 18. a3 f6 19. Bc4+ Kf8 20. Nd4 Nxd4+ 21. Bxd4 b6 22.
Ba6 Nd5 23. f3 Rd7 24. Kf2 Rad8 25. Bb5 Rd6 26. g4 Ne7 27. Ke3 Bg6 28. Be2 Nd5+ 29. Kf2 h5 30. b4 hxg4 31. fxg4 Nxb4 32. axb4 Rxd4 33. Rxd4 Rxd4 34. Rc7 a5 0-1

[Event "*** SCC Grand Prix: Titled Tuesday Blitz"]
[Site "Chess.com"]
[Date "2020.07.14"]
[Round "6"]
[White "JuliaEfremova"]
[Black "SilviusTiberius"]
[Result "0-1"]
[WhiteElo "2308"]
[BlackElo "2486"]
[TimeControl "180+1"]
[EndTime "11:06:30 PDT"]
[Termination "SilviusTiberius won on time"]

1. e4 c5 2. f4 Nc6 3. Nf3 g6 4. Be2 Bg7 5. O-O d6 6. d3 Nf6 7. c3 O-O 8. Na3 Rb8 9. Nc2 b5 10. Qe1 a5 11. f5 b4 12. Qh4 Ne5 13. Nxe5 dxe5 14. Bh6 Ba6 15. c4 b3 16. Ne3 Qd4 17. Rf2 Qxb2 18. Raf1 bxa2 19. Bxg7 Kxg7 20. fxg6 fxg6 21.
Ng4 Ng8 22. Bf3 Qd4 23. Kh1 Rb1 24. h3 a1=Q 25. Rxb1 Qxb1+ 26. Kh2 Qbxd3 27. Nh6 Rf4 28. Qg5 Nxh6 29. Qxe7+ Nf7 0-1

[Event "*** SCC Grand Prix: Titled Tuesday Blitz"]
[Site "Chess.com"]
[Date "2020.07.14"]
[Round "6"]
[White "ChessFunMaker"]
[Black "supertfc"]
[Result "0-1"]
[WhiteElo "2269"]
[BlackElo "2419"]
[TimeControl "180+1"]
[EndTime "11:06:30 PDT"]
[Termination "supertfc won on time"]

1. c4 e5 2. g3 Nc6 3. Nc3 f5 4. Nf3 Nf6 5. d4 d6 6. dxe5 dxe5 7. Qxd8+ Kxd8 8. Bg5 Bd6 9. O-O-O Ke7 10. c5 Bxc5 11.
Nd5+ Kf7 12. Nxc7 Be6 13. Nxa8 Rxa8 14. a3 Ne4 15. Bh4 h6 16. g4 f4 17. g5 Nxf2 18.
Bxf2 Bxf2 19. gxh6 Bf5 20. Rd6 Rc8 21. Kd1 Be3 22.
Nd2 Nd4 23. hxg7 Rc2 24. Rxd4 exd4 25. Nb3 Rxb2 0-1

[Event "*** SCC Grand Prix: Titled Tuesday Blitz"]
[Site "Chess.com"]
[Date "2020.07.14"]
[Round "6"]
[White "TioCridineno"]
[Black "Tekushka"]
[Result "0-1"]
[WhiteElo "2160"]
[BlackElo "2360"]
[TimeControl "180+1"]
[EndTime "11:06:31 PDT"]
[Termination "Tekushka won by checkmate"]

1. e4 c5 2. Nf3 Nc6 3. Bb5 g6 4. O-O Bg7 5. Bxc6 bxc6 6. Nc3 d6 7. h3 e5 8. d3 Ne7 9. Be3 h6 10. Qd2 f5 11. Qe2 f4 12. Bd2 g5 13. Nh2 h5 14.
a3 Ng6 15. b4 cxb4 16. axb4 g4 17. Kh1 Qh4 18. b5 gxh3 19. gxh3 Qxh3 20. f3 Bd7 21. bxc6 Bxc6 22. Rg1 Kf7 23. Ra6 Qd7 24. Nd5 Bxd5 25. exd5 Bf6 26. Qe4 Rag8 27. Rga1 Ne7 28. Rxa7 Qh3 29.
Qe2 Rg3 30. Rg1 Rhg8 31. Raa1 Nf5 32. Ra7+ Be7 33. Raa1 Rxg1+ 34. Rxg1 Ng3+ 35. Rxg3 fxg3 36. f4 g2+ 37. Kg1 Qxh2+ 38. Kxh2 g1=Q+ 39. Kh3 Qg3# 0-1

[Event "*** SCC Grand Prix: Titled Tuesday Blitz"]
[Site "Chess.com"]
[Date "2020.07.14"]
[Round "6"]
[White "if_name_main_a"]
[Black "Duong57"]
[Result "0-1"]
[WhiteElo "2401"]
[BlackElo "2251"]
[TimeControl "180+1"]
[EndTime "11:06:31 PDT"]
[Termination "Duong57 won by resignation"]

1. c4 e5 2. Nc3 Nf6 3. Nf3 Nc6 4. e4 Bc5 5. Nxe5 Bxf2+ 6. Kxf2 Nxe5 7. d4 Neg4+ 8. Kg1 d6 9. h3 Nh6 10. Bg5 Nhg8 11. e5 h6 12. exf6 hxg5 13. fxg7 Rh7 14. Qe2+ Qe7 15. Qd3 Rxg7 16. Nd5 Qd8 17. Re1+ Be6 18.
Ne3 Ne7 19. Be2 d5 20. Bf3 c6 21. cxd5 cxd5 22. Qb3 Qd7 23. Nxd5 Bxd5 24. Bxd5 Rd8 25. Qxb7 Qxb7 26. Bxb7 Rxd4 27. Re2 Kf8 28. Kh2 g4 29. Rhe1 f5 30. Bc8 g3+ 31. Kh1 f4 32. Bg4 Rf7 33.
Bh5 Rh7 34. Bf3 Rf7 35. Kg1 Nf5 36. Re8+ Kg7 37. R8e4 Rxe4 38. Rxe4 Ne3 39. b4 Kg6 40. b5 Rc7 41. Rxe3 Rc1+ 0-1

[Event "*** SCC Grand Prix: Titled Tuesday Blitz"]
[Site "Chess.com"]
[Date "2020.07.14"]
[Round "6"]
[White "OnePeculiarConundrum"]
[Black "talaicito"]
[Result "1/2-1/2"]
[WhiteElo "2353"]
[BlackElo "2189"]
[TimeControl "180+1"]
[EndTime "11:06:34 PDT"]
[Termination "Game drawn by repetition"]

1. e4 e5 2. Nf3 Nc6 3. Bb5 a6 4. Ba4 Nf6 5. d4 exd4 6. O-O b5 7.
Bb3 Be7 8. Re1 d6 9. Bd5 Bd7 10. Nxd4 Nxd5 11. Nxc6 Bxc6 12. exd5 Bd7 13. Bg5 f6 14. Bh4 O-O 15. Nc3 Re8 16. Re3 Bf8 17. Qd4 Rxe3 18. Qxe3 Qe8 19. Re1 Qxe3 20. Rxe3 Re8 21.
Rxe8 Bxe8 22. a3 Bg6 23. Kf1 Bxc2 24. Ke2 h5 25. f3 Bb3 26. Bf2 Kf7 27. Kd3 f5 28.
Bh4 Be7 29. Bxe7 Kxe7 30. f4 Kd7 31. Kd4 c6 32. dxc6+ Kxc6 33. Ne2 Bc4 34. Ng3 g6 35. b4 Kb6 36. Nh1 a5 37. Nf2 axb4 38. axb4 Kc6 39. g3 Bf1 40. h4 Kd7 41. Kd5 Bc4+ 42. Kd4 Bf1 43. Nd1 Ke6 44. Ne3 Be2 45. Nd5 Kd7 46.
Nf6+ Ke6 47. Nd5 Kd7 48. Nc3 Bf1 49. Kd5 Bg2+ 50. Kd4 Bf1 51. Nd1 Ke6 52. Ne3 Be2 53. Nd5 1/2-1/2

[Event "*** SCC Grand Prix: Titled Tuesday Blitz"]
[Site "Chess.com"]
[Date "2020.07.14"]
[Round "6"]
[White "pedromartinez91"]
[Black "joksijoksi"]
[Result "1-0"]
[WhiteElo "2534"]
[BlackElo "2384"]
[TimeControl "180+1"]
[EndTime "11:06:36 PDT"]
[Termination "pedromartinez91 won on time"]

1. Nf3 d5 2. c4 c6 3. g3 Nf6 4. Bg2 dxc4 5. O-O Nbd7 6. b3 cxb3 7. axb3 e6 8. d4 Be7 9. Nc3 O-O 10. Ba3 Nd5 11.
Bxe7 Qxe7 12. Ne4 N7f6 13. Nc5 b6 14. Nd3 Bb7 15. Nfe5 Nd7 16. e4 Nxe5 17. Nxe5 Nf6 18. Qc1 c5 19. dxc5 Qxc5 20. Qxc5 bxc5 21. f3 Rfc8 22.
Rfc1 Kf8 23. Ra5 Ke7 24. Raxc5 Rxc5 25. Rxc5 Kd6 26. b4 Rc8 27. Nxf7+ Ke7 28. Rxc8 Bxc8 29. Ne5 Kd6 30. Nc4+ Kc6 31. Bf1 Nd7 32. Na5+ Kb6 33. Kf2 Ba6 34. Bh3 Nf8 35. Ke3 Kb5 36. Kd4 Kxb4 37.
Nc6+ Kb5 38. Nd8 Bc8 39. Ke5 a5 40. Kd6 a4 41. Kc7 a3 42. Nc6 a2 43. Nd4+ Kc4 44. Nc2 Kc3 45. Na1 Kb2 46. Kxc8 Kxa1 47. Kd8 Kb2 48.
Ke7 a1=Q 49. Kxf8 Qh1 50. Bxe6 Qxh2 51. g4 Qf4+ 52. Bf5 Qxf3 53. Kxg7 1-0